 Dungeon Crawl Stone Soup version 0.18-a0-1391-gbff3df0 (webtiles) character file.

197 sugabear the Ruffian (level 5, -4/30 HPs)
             Began as a Gargoyle Transmuter on Feb 22, 2016.
             Slain by an ogre
             ... wielding a +0 giant spiked club
              (26 damage)
             ... on level 4 of the Dungeon.
             The game lasted 00:05:12 (3761 turns).

sugabear the Ruffian (Gargoyle Transmuter)          Turns: 3761, Time: 00:05:12

Health: -4/30      AC:  7    Str: 14    XL:     5   Next: 75%
Magic:  9/9        EV: 12    Int: 14    God:
Gold:   148        SH:  0    Dex: 10    Spells: 1 memorised, 9 levels left

rFire  . . .     SeeInvis .       - Unarmed
rCold  . . .     Gourm    .     b - +0 robe
rNeg   + . .     Faith    .     (no shield)
rPois  ∞         Spirit   .     (no helmet)
rElec  +         Dismiss  .     (no cloak)
rCorr  .         Reflect  .     w - +0 pair of gloves
SustAt .         Harm     .     (no boots)
MR     .....                    (no amulet)
Stlth  +.........               (no ring)
                                (no ring)

@: appendage (expiring), not resistant to hostile enchantments, very unstealthy
A: horns 2, negative energy resistance 1, electricity resistance, unbreathing,
petrification resistance, rot immunity, AC +4
a: End Transformation


You were on level 4 of the Dungeon.
You were hungry.
You had grown temporary horns.
You visited 1 branch of the dungeon, and saw 4 of its levels.

You collected 148 gold pieces.

Inventory:

Missiles
 a - 64 arrows
Armour
 b - a +0 robe (worn)
 w - a +0 pair of gloves (worn)
Scrolls
 i - a scroll of random uselessness {unknown}
 l - 3 scrolls of identify {unknown}
 m - 2 scrolls of remove curse {unknown}
 n - a scroll of magic mapping {unknown}
 o - a scroll of blinking {unknown}
 p - a scroll of enchant armour {unknown}
 u - a scroll of teleportation {unknown}
Potions
 e - a potion of heal wounds {unknown}
 f - a potion of cancellation {unknown}
 g - a potion of lignification {unknown}
 h - a potion of invisibility {unknown}
 j - 4 potions of curing {unknown}
 k - 3 potions of brilliance {unknown}
 q - a potion of mutation {unknown}
 s - 2 potions of berserk rage {unknown}
 t - a potion of flight {unknown}
Books
 c - a book of Changes

   Spells                             Type                      Level
   a - Beastly Appendage              Transmutation                1
   b - Sticks to Snakes               Transmutation                2
   c - Spider Form                    Transmutation/Poison         3
   d - Ice Form                       Ice/Transmutation            4
   e - Blade Hands                    Transmutation                5
Comestibles
 d - 4 bread rations
 r - 2 slices of pizza
 v - 4 fruits


   Skills:
 + Level 2.1 Fighting
 + Level 2.5 Dodging
 + Level 3.9 Unarmed Combat
 + Level 3.2 Spellcasting
 + Level 2.3 Transmutations


You had 9 spell levels left.
You knew the following spells:

 Your Spells              Type           Power        Failure   Level  Hunger
a - Beastly Appendage     Trmt           #.....       10%         1    #......


Dungeon Overview and Level Annotations

Branches:
Dungeon (4/15)
 Temple: D:4-7

Altars:
Pakellas


Innate Abilities, Weirdness & Mutations

You are resistant to torment.
Your stone body is resilient (AC +4).
You are immune to poison.
You resist negative energy.
You are resistant to electric shocks.
You can survive without breathing.
You are immune to petrification.
You are immune to rotting.
You have a pair of horns on your head.


Message History

You aren't carrying any items that can be evoked.
Casting: Beastly Appendage
Confirm with . or Enter, or press ? or * to list all spells.
Okay, then.
You hit the ogre.
The ogre is lightly wounded.
The ogre hits you with a giant spiked club!
You hit the ogre. You headbutt the ogre!
The ogre is heavily wounded.
The ogre barely misses you.
You hit the ogre.
The ogre is heavily wounded.
You barely miss the ogre. You headbutt the ogre.
The ogre is severely wounded.
The ogre barely misses you.
You hit the ogre.
The ogre is severely wounded.
The ogre hits you with a giant spiked club!!
Ouch! That really hurt!
You die...

#.# #.# #.# #.# #.# #.#
########.# #.#
.........########.#
.........#........#######
.........#<######.......#
########)########.......#
#.SO@....'.......#
##########.......#
##...#### #.#.# #.#.#
#.#.# #.#.# #.#.# #.#.##


You could see an ogre and an adder.

Vanquished Creatures
  Terence (D:2)
  A worker ant (D:4)
  A hound skeleton (D:4)
  5 adders
  An ooze (D:2)
  An adder skeleton (D:4)
  A worm (D:2)
  3 dart slugs
  8 orcs
  A ball python (D:2)
  4 giant cockroaches
  9 goblins
  4 hobgoblins
  4 jackals (D:3)
  6 kobolds
  2 quokkas
  5 bats
  A giant newt (D:1)
  6 rats
64 creatures vanquished.

Vanquished Creatures (others)
  An orange crystal statue (D:2)
1 creature vanquished.

Grand Total: 65 creatures vanquished

Notes
Turn   | Place    | Note
--------------------------------------------------------------
     0 | D:1      | sugabear the Gargoyle Transmuter began the quest for the Orb.
     0 | D:1      | Reached XP level 1. HP: 12/12 MP: 3/3
   232 | D:1      | Reached XP level 2. HP: 13/16 MP: 3/5
   938 | D:2      | Reached XP level 3. HP: 18/20 MP: 4/6
  1209 | D:2      | Noticed Terence
  1242 | D:2      | Killed Terence
  1242 | D:2      | Reached XP level 4. HP: 8/25 MP: 6/8
  1957 | D:2      | Found an oddly glowing altar of Pakellas.
  1957 | D:2      | Noticed an orange crystal statue
  1958 | D:2      | Noticed a troll
  1965 | D:2      | Killed an orange crystal statue
  2465 | D:3      | Found a faded altar to an unknown god.
  2575 | D:3      | Reached XP level 5. HP: 28/30 MP: 9/9
  3750 | D:4      | Noticed an ogre
  3761 | D:4      | Slain by an ogre

Vault maps used:
D:1:      saegor_arrival_simple_c
D:2:      gammafunk_pakellas_statue_experiment, st_stairs_11, uniq_terence
D:3:      ecumenical_altar_2, first_bread, kennysheep_generic_room_5

Skill      XL: |  1  2  3  4  5 |
---------------+----------------+-----
Transmutations | 2 |  2.3
Dodging        | 2 |  2.5
Spellcasting   | 3 |  3.2
Fighting       | 2 |  2.1
Unarmed Combat | |  3.9

Action                   |  1- 3 |  4- 6 || total
-------------------------+-------+-------++-------
Melee: Unarmed           |   102 |   205 ||   307
 Cast: Beastly Appendage |    21 |    31 ||    52
  Eat: Chunk             |       |     9 ||     9
